 Seeded DCSS version 0.31-a0-986-g5e6e4ef867 (webtiles) character file.

Game seed: 15151140065775608576 (custom seed)

348 timneilson the Covered (level 6, -3/38 HPs)
             Began as a Gargoyle Fighter on Nov 12, 2023.
             Slain by a gnoll
             ... wielding a +0 club
              (5 damage)
             ... on level 4 of the Dungeon.
             The game lasted 00:04:28 (2964 turns).

timneilson the Covered (Gargoyle Fighter)           Turns: 2964, Time: 00:04:29

Health: -3/38      AC: 15    Str: 20    XL:     6   Next: 60%
Magic:  6/6        EV:  8    Int:  8    God:
Gold:   1280       SH:  6    Dex: 11    Spells: 5/5 levels left

rFire   . . .        a - +1 long sword
rCold   . . .        c - +1 buckler
rNeg    + + .        e - +0 chain mail {Will+}
rPois   ∞            m - +0 helmet
rElec   +            (no cloak)
rCorr   .            (no gloves)
SInv    .            (no boots)
Will    +....        (no amulet) Stlth
                     n - ring of positive energy
HPRegen 0.26/turn    (no ring)
MPRegen 0.10/turn

%: no passive effects
@: no status effects
A: sickness immunity, AC +4, negative energy resistance 1, electricity
resistance, torment resistance 1, petrification resistance
a: no special abilities


You were on level 4 of the Dungeon.
You visited 1 branch of the dungeon, and saw 4 of its levels.

You collected 1280 gold pieces.

Inventory:

Hand Weapons
 a - a +1 long sword (weapon)
Armour
 c - a +1 buckler (worn)
 e - a +0 chain mail of willpower (worn)
 m - a +0 helmet (worn)
Jewellery
 n - a ring of positive energy (left hand)
Scrolls
 b - 2 scrolls of enchant weapon
 d - a scroll of identify {unknown}
 k - a scroll of fog
 l - 3 scrolls of vulnerability
Potions
 f - a potion of haste {unknown}
 g - a potion of brilliance {unknown}
 h - a potion of resistance {unknown}
 i - 2 potions of heal wounds {unknown}
 j - a potion of degeneration {unknown}


   Skills:
 + Level 4.0 Fighting
 * Level 3.5 Long Blades
 * Level 4.8 Armour
 + Level 1.4 Dodging
 * Level 4.8 Shields


You had 5 spell levels left.
You didn't know any spells.
Your spell library contained the following spells:

 Spells                   Type           Power      Damage    Failure   Level
 Apportation              Tloc           0%         N/A       98%         1
 Jinxbite                 Hex            0%         N/A       99%         2
 Alistair's Intoxication  Tmut/Pois      0%         N/A       100%        5


Dungeon Overview and Level Annotations

Branches:
Dungeon (4/15)
 Temple: D:4-7

Altars:
Elyvilon


Innate Abilities, Weirdness & Mutations

You are immune to sickness and miasma.
Your stone body is resilient. (AC +4)
You are immune to poison.
You resist negative energy. (rN+)
You are resistant to electric shocks. (rElec)
You are resistant to unholy torment.
You are immune to petrification.


Message History

The gnoll hits you but does no damage. You block the gnoll's attack.
You hit the gnoll.
The gnoll is almost dead.
The gnoll hits you but does no damage. The gnoll barely misses you.
You slash the gnoll!
You kill the gnoll!
The gnoll hits you with a +3 flail!
* * * LOW HITPOINT WARNING * * *
The gnoll hits you with a +0 club.
* * * LOW HITPOINT WARNING * * *
The gnoll barely misses you.
You slash the gnoll!
The gnoll is severely wounded.
The gnoll hits you but does no damage. The gnoll barely misses you.
You hit the gnoll.
The gnoll is severely wounded.
The gnoll hits you but does no damage. x2
You barely miss the gnoll.
The gnoll is severely wounded.
The gnoll hits you with a +0 club.
* * * LOW HITPOINT WARNING * * *
You block the gnoll's attack.
You hit the gnoll.
The gnoll is almost dead.
You block the gnoll's attack. The gnoll closely misses you.
You hit the gnoll.
You kill the gnoll!
The gnoll hits you but does no damage. The gnoll hits you with a +0 club.
* * * LOW HITPOINT WARNING * * *
You hit the gnoll.
The gnoll is moderately wounded.
The gnoll hits you but does no damage.
You hit the gnoll.
The gnoll is moderately wounded.
The gnoll hits you with a +0 club.
* * * LOW HITPOINT WARNING * * *
You slash the gnoll!
The gnoll is severely wounded.
The gnoll hits you with a +0 club.
You die...

####### #.')....#
##.....#####.....#
######.......######.#+#
..............+...'.#
............###...###
###.........#.......#
#......>..#'#...#+#
#...........#.).#
#..........###@##
#......†..## #g)#
#.........# ##.#+#
##...>...## #...#
##......# ##..#
##.)..## ..# ##...# ..#
##### ... ...g


You could see a gnoll.

Vanquished Creatures
  A black bear (D:4)
  An ogre (D:3)
  A sleepcap (D:4)
  3 gnolls (D:4)
  6 adders
  A worm (D:2)
  3 dart slugs
  2 orcs
  3 bats
  7 endoplasms
  3 giant cockroaches
  4 goblins
  4 hobgoblins
  2 jackals (D:2)
  A quokka (D:2)
  5 ball pythons
  2 frilled lizards
  5 kobolds
  5 rats
59 creatures vanquished.

Notes
Turn   | Place    | Note
-------+----------+-------------------------------------------
     0 | D:1      | timneilson the Gargoyle Fighter began the quest for the
                  | Orb.
     0 | D:1      | Reached XP level 1. HP: 14/14 MP: 1/1
   145 | D:1      | Reached XP level 2. HP: 16/19 MP: 2/2
   946 | D:2      | You fall into a shaft and drop 1 floor!
   980 | D:2      | Reached XP level 3. HP: 23/23 MP: 3/3
  1107 | D:2      | Found a faded altar of an unknown god.
  1483 | D:2      | Reached XP level 4. HP: 28/28 MP: 4/4
  2019 | D:3      | Identified a scroll of acquirement
  2019 | D:3      | Acquired 1104 gold pieces
  2511 | D:3      | Noticed an ogre
  2517 | D:3      | Killed an ogre
  2518 | D:3      | Reached skill level 1 in Dodging
  2518 | D:3      | Reached XP level 5. HP: 28/33 MP: 5/5
  2709 | D:4      | Found a white marble altar of Elyvilon.
  2747 | D:4      | Noticed a black bear
  2764 | D:4      | Killed a black bear
  2765 | D:4      | Reached XP level 6. HP: 29/38 MP: 6/6
  2964 | D:4      | Slain by a gnoll

Illustrated notes

Levels and vault maps discovered:
D:1:      beargit_arrival_diablo_church, layout_basic
D:2:      layout_basic, basic_ecumenical_altar
D:3:      layout_basic
D:4:      nicolae_cairo_tiling_large, layout_cave_pods,
          nicolae_overflow_squiral, nzn_wu_jian_contemplation, elyvilon_altar_4

Skill      XL: |  1  2  3  4  5 |
---------------+----------------+-----
Long Blades    | 2 3 |  3.5
Armour         | 4 |  4.8
Shields        | 4 |  4.8
Dodging        | 1 |  1.4
Fighting       | 4 |  4.0

Action                     |  1- 3 |  4- 6 || total
---------------------------+-------+-------++-------
  Melee: Long sword        |   110 |   117 ||   227
    Use: Scroll            |     3 |     7 ||    10
         Potion            |       |     1 ||     1
 Armour: Chain mail        |    93 |   109 ||   202
         Scale mail        |     3 |       ||     3
  Dodge: Dodged            |    34 |    59 ||    93
  Block: Buckler           |    17 |    31 ||    48

Table legend: (Time is in decaauts)
 A = Elapsed time spent in this place.
 B = Non-inter-level travel time spent in this place.
 C = Inter-level travel time spent in this place.
 D = Time resting spent in this place.
 E = Time spent auto-exploring this place.
 F = Levels seen in this place.
 G = Mean time per level.
                   A        B        C        D        E       F      G
               +--------+--------+--------+--------+--------+-----+--------+
         Total |   3032 |   2909 |    123 |     34 |   2167 |   4 |  758.0 |
       Dungeon |   3032 |   2909 |    123 |     34 |   2167 |   4 |  758.0 |
               +--------+--------+--------+--------+--------+-----+--------+

Top non-repeatable levels by time:
     D:2: 1096 daAuts
     D:1: 890 daAuts
     D:3: 737 daAuts
     D:4: 308 daAuts
